 Dungeon Crawl Stone Soup version 0.23.1-37-gaa34b87b72 (webtiles) character file.

Game seed: 11990304286235277524

252 PikkenKukken the Stinger (level 6, 11/56 HPs)
             Began as a Naga Venom Mage on Mar 26, 2019.
             Quit the game on level 4 of the Dungeon.
             The game lasted 00:10:59 (4796 turns).

PikkenKukken the Stinger (Naga Venom Mage)          Turns: 4796, Time: 00:11:00

Health: 11/56      AC:  3    Str: 10    XL:     6   Next: 14%
Magic:  9/9        EV: 11    Int: 18    God:
Gold:   185        SH:  0    Dex: 11    Spells: 3/9 levels left

rFire    . . .     SeeInvis +   j - +1 spear
rCold    . . .     Gourm    .   (no shield)
rNeg     . . .     Faith    .   a - +0 robe
rPois    +         Spirit   .   (no helmet)
rElec    .         Reflect  .   (no cloak)
rCorr    +         Harm     .   (no gloves)
MR       .....                  (no barding)
Stlth    ++........             (no amulet)
HPRegen  0.18/turn              d - ring of resist corrosion
MPRegen  0.11/turn              (no ring)

@: very slow
A: large, see invisible, deformed body, poison resistance, slowness 2, slow
metabolism 1, spit poison 1, AC +2
a: Spit Poison


You were on level 4 of the Dungeon.
You were not hungry.

You visited 1 branch of the dungeon, and saw 5 of its levels.

You collected 185 gold pieces.

Inventory:

Hand Weapons
 h - a +0 long sword
 i - a +0 dagger
 j - a +1 spear (weapon)
Missiles
 f - 37 arrows
Armour
 a - a +0 robe (worn)
 m - a +2 large shield
Jewellery
 d - a ring of resist corrosion (left hand)
Scrolls
 b - a scroll of identify
 g - a scroll of teleportation
 l - 2 scrolls of remove curse
Potions
 e - a potion of mutation {unknown}
 k - a potion of might
Comestibles
 c - 9 rations


   Skills:
 - Level 3.5 Fighting
 - Level 3.4 Dodging
 - Level 3.0 Stealth
 - Level 1.8 Shields
 + Level 2.0 Spellcasting
 + Level 1.0 Conjurations
 - Level 4.0 Poison Magic


You had 3 spell levels left.
You knew the following spells:

 Your Spells              Type           Power        Failure   Level  Hunger
a - Sting                 Conj/Pois      ##..         6%          1    #......
b - Poisonous Vapours     Pois/Air       #.....       12%         2    ###....
c - Mephitic Cloud        Conj/Pois/Air  #.......     26%         3    ###....

Your spell library contained the following spells:

 Spells                   Type           Power        Failure   Level  Hunger
 Flame Tongue             Conj/Fire      #....        14%         1    #......
 Throw Flame              Conj/Fire      #.....       22%         2    ###....
 Conjure Flame            Conj/Fire      #.......     41%         3    ###....
 Inner Flame              Hex/Fire       #.......     47%         3    ###....
 Olgreb's Toxic Radiance  Pois           ###.....     34%         4    #####..
 Sticky Flame             Conj/Fire      #.......     82%         4    #####..
 Venom Bolt               Conj/Pois      ##........   87%         5    ######.
 Fireball                 Conj/Fire      #.........   99%         5    ######.


Dungeon Overview and Level Annotations

Branches:
Dungeon (5/15)
 Temple: D:4-7

Altars:
Dithmenos
Elyvilon
Wu Jian


Innate Abilities, Weirdness & Mutations

You cannot wear boots.
Your serpentine skin is tough. (AC +2)
You have supernaturally acute eyesight. (SInv)
Armour fits poorly on your strangely shaped body.
Your system is resistant to poisons. (rPois)
You cover ground very slowly.
You have a slow metabolism.
You can spit poison.


Message History

The crimson imp hits you.
* * * LOW HITPOINT WARNING * * *
The crimson imp barely misses you.
You hit the crimson imp.
The crimson imp is lightly wounded.
The crimson imp hits you but does no damage.
You hit the crimson imp.
The crimson imp is moderately wounded.
The crimson imp barely misses you.
You miss the crimson imp.
The crimson imp is lightly wounded.
The crimson imp hits you but does no damage.
You closely miss the crimson imp.
The crimson imp is lightly wounded.
The crimson imp blinks!
The crimson imp hits you.
* * * LOW HITPOINT WARNING * * *
The crimson imp barely misses you.
The crimson imp blinks!
Are you sure you want to abandon this character and quit the game? (Confirm with "yes".)

#.............## #.......##...
###..........####
##........#...
#..##.....###.####...........##
##.##......##.........#####(...
####.................# #.###
###..........##...# ###....
#....5......##>.# #...##.
##..............###....#.
###......@............_...
##........ยง..#..#..#.#....#
#............#..#..#.##...#
###.........##.....#....###
###...........#.#.####.#
#.............###......###
###.............####..##..##
#....#..##........##.....##.
#...##..##...##......#...#..


You could see a crimson imp.

Vanquished Creatures
  A scorpion (D:4)
  A howler monkey (D:4)
  A worker ant (D:3)
  A hound skeleton (D:4)
  3 gnolls (D:2)
  2 adders (D:2)
  An ooze (D:2)
  An adder zombie (D:4)
  A worm (D:4)
  A dart slug (D:1)
  3 leopard geckos
  An orc (D:3)
  2 giant cockroaches (D:2)
  5 goblins
  5 hobgoblins
  6 jackals (D:2)
  9 kobolds
  A quokka (D:3)
  2 ball pythons
  11 bats
  3 frilled lizards (D:1)
  6 rats
67 creatures vanquished.

Notes
Turn   | Place    | Note
-------+----------+-------------------------------------------
     0 | D:1      | PikkenKukken the Naga Venom Mage began the quest for the
                  | Orb.
     0 | D:1      | Reached XP level 1. HP: 15/15 MP: 3/3
   189 | D:1      | Reached skill level 1 in Fighting
   189 | D:1      | Reached XP level 2. HP: 15/25 MP: 3/5
   256 | D:1      | Learned a level 2 spell: Poisonous Vapours
   990 | D:2      | Reached XP level 3. HP: 31/31 MP: 3/6
  1802 | D:2      | Found a shadowy altar of Dithmenos.
  1814 | D:2      | Reached XP level 4. HP: 31/40 MP: 0/7
  1819 | D:2      | Learned a level 3 spell: Mephitic Cloud
  2303 | D:2      | Found a white marble altar of Elyvilon.
  3115 | D:3      | Reached skill level 1 in Shields
  3115 | D:3      | Reached XP level 5. HP: 37/48 MP: 2/8
  3910 | D:4      | Found an ornate altar of the Wu Jian Council.
  4283 | D:4      | Reached XP level 6. HP: 54/56 MP: 2/9
  4677 | D:5      | Entered Level 5 of the Dungeon
  4796 | D:4      | Quit the game

Skill      XL: |  1  2  3  4  5 |
---------------+----------------+-----
Fighting       | 1 2 3 |  3.5
Dodging        | 2 3 |  3.4
Shields        | 1 |  1.8
Stealth        | |  3.0
Spellcasting   | |  2.0
Conjurations   | |  1.0
Poison Magic   | |  4.0

Action                   |  1- 3 |  4- 6 || total
-------------------------+-------+-------++-------
Melee: Dagger            |    69 |       ||    69
       Spear             |    21 |   182 ||   203
 Cast: Sting             |    25 |    21 ||    46
       Poisonous Vapours |    11 |    23 ||    34
       Mephitic Cloud    |       |     1 ||     1
 Abil: Spit Poison       |     2 |       ||     2
  Use: Scroll            |       |     9 ||     9
 Stab: Sleeping          |     3 |     4 ||     7
  Eat: Chunk             |     3 |     8 ||    11
       Ration            |       |     1 ||     1
Armor: Robe              |    24 |    44 ||    68
Dodge: Dodged            |    57 |   102 ||   159
